 Dungeon Crawl Stone Soup version 0.18.1-8-gdd0e5ea (webtiles) character file.

601 zeroDi the Covert (level 7, -40/34 HPs)
             Began as a Vine Stalker Assassin on May 29, 2016.
             Killed from afar by a jackal (46 damage)
             ... with an exploding inner flame
             ... hexed by the player character
             ... on level 6 of the Dungeon.
             The game lasted 00:12:06 (3684 turns).

zeroDi the Covert (Vine Stalker Assassin)           Turns: 3684, Time: 00:12:11

Health: -40/34     AC:  6    Str: 13    XL:     7   Next: 41%
Magic:  0/8        EV: 11    Int: 11    God:
Gold:   180        SH:  0    Dex: 18    Spells: 0 memorised, 6 levels left

rFire  . . .     SeeInvis .     a - +1 dagger (elec)
rCold  . . .     Gourm    +     c - +0 robe
rNeg   . . .     Faith    .     (no shield)
rPois  .         Spirit   +     q - +2 helmet
rElec  .         Dismiss  .     d - +0 cloak
rCorr  .         Reflect  .     (no gloves)
SustAt .         Harm     .     (no boots)
MR     .....                    n - amulet of the gourmand
Stlth  ++++......               (no ring)
                                (no ring)

@: not resistant to hostile enchantments, stealthy
A: fangs 2, regeneration 2, magic shield, antimagic bite, no device heal 3, rot
immunity
a: no special abilities


You were on level 6 of the Dungeon.
You were very full.

You visited 2 branches of the dungeon, and saw 7 of its levels.

You collected 180 gold pieces.


Innate Abilities, Weirdness & Mutations

You have extremely sharp teeth.
You heal very quickly.
When hurt, damage is shared between your health and your magic reserves.
Your bite disrupts and absorbs the magic of your enemies.
Potions and wands cannot restore your health.
You are immune to rotting.


   Skills:
 - Level 1.7 Fighting
 - Level 5.4 Short Blades
 - Level 1.7 Throwing
 - Level 0.7 Dodging
 * Level 8.4 Stealth


You had 6 spell levels left.
You didn't know any spells.

Inventory:

Hand Weapons
 a - a +1 dagger of electrocution (weapon)
 b - a +0 blowgun
 j - a +2 dagger
 s - a +2 whip of venom
Missiles
 e - 22 poisoned needles
 f - 2 curare-tipped needles {=f}
Armour
 c - a +0 robe (worn)
 d - a +0 cloak (worn)
 q - a +2 helmet (worn)
Jewellery
 n - an amulet of the gourmand (around neck)
Wands
 t - a wand of digging (20/24)
 A - a wand of random effects (28/48)
Scrolls
 i - 4 scrolls of remove curse
 o - 2 scrolls of amnesia
 p - a scroll of noise {!r}
 u - 5 scrolls of identify {@r1}
 y - a scroll of fog {unknown}
Potions
 h - 2 potions of might {unknown}
 l - 2 potions of agility {unknown}
 m - a potion of berserk rage {unknown}
 r - a potion of curing {@q1}
 v - a potion of heal wounds {unknown}
 x - a potion of resistance {unknown}
Comestibles
 g - 3 bread rations
 k - a slice of pizza
 z - 2 meat rations

Dungeon Overview and Level Annotations

Branches:
Dungeon (6/15)             Temple (1/1) D:4

Altars:
Ashenzari
Cheibriados
Dithmenos
Elyvilon
Gozag
Kikubaaqudgha
Makhleb
Nemelex Xobeh
Pakellas
Ru
Vehumet
Xom
Yredelemnul
Zin
The Shining One

Annotations:
D:4 Edmund
D:5 daning's ghost, amateur HESk

.. ..
##+#####.######
.h.............
Y...§§§§§..%...
....§§§§§....%.
#!.§§§§§......
#@.%.....
###.(.... .....
####


You could see a black bear (inner flame) and a sky beast (inner flame).


Message History

Aim: a centaur (inner flame)
The mass of ice explodes!
The iceblast engulfs the jackal.
The jackal explodes!
The fiery explosion engulfs the centaur.
The centaur is heavily wounded.
The fiery explosion engulfs the jackal.
The jackal explodes!
The fiery explosion engulfs the centaur.
The centaur explodes!
Your Stealth skill increases to level 8!
The fiery explosion engulfs the jackal.
The jackal explodes!
The fiery explosion engulfs the jackal.
The jackal explodes!
The fiery explosion engulfs you!
Ouch! That really hurt!
* * * LOW HITPOINT WARNING * * *
The fiery explosion engulfs you!
Ouch! That really hurt!
You die...

Action                   |  1- 3 |  4- 6 |  7- 9 || total
-------------------------+-------+-------+-------++-------
Melee: Dagger            |    52 |   140 |     9 ||   201
       Bite              |    15 |    32 |     3 ||    50
 Fire: Blowgun           |    10 |       |       ||    10
  Use: Scroll            |       |     8 |     1 ||     9
 Stab: Sleeping          |    10 |    11 |       ||    21
  Eat: Chunk             |       |    18 |       ||    18
Armor: Robe              |     9 |    31 |     5 ||    45
Dodge: Dodged            |    23 |    64 |     6 ||    93

Vault maps used:
D:1:      mainiacjoe_arrival_reflecting_pool
D:2:      zin_scriptorium, uniq_jessica, uniq_terence
D:3:      grunt_pakellas_sulfur, corexii_hall_statues_l, uniq_robin
D:4:      temple_hall, first_bread, uniq_edmund
D:5:      serial_glass, glass_columns_a, glass_columns_b, item_on_display_a,
          st_stairs_10
D:6:      corexii_shack, uniq_crazy_yiuf_cottage, uniq_blork_the_orc,
          uniq_eustachio
Temple:   circular_temple_13

Notes
Turn   | Place    | Note
--------------------------------------------------------------
     0 | D:1      | zeroDi the Vine Stalker Assassin began the quest for the Orb.
     0 | D:1      | Reached XP level 1. HP: 11/11 MP: 2/2
    38 | D:1      | Reached skill level 2 in Short Blades
   145 | D:1      | Reached XP level 2. HP: 15/15 MP: 3/3
   441 | D:2      | Noticed Terence
   508 | D:2      | Killed Terence
   508 | D:2      | Reached skill level 3 in Short Blades
   508 | D:2      | Reached XP level 3. HP: 8/18 MP: 2/4
   818 | D:2      | Noticed Jessica
   822 | D:2      | Killed Jessica
   822 | D:2      | Reached skill level 4 in Short Blades
   822 | D:2      | Reached XP level 4. HP: 22/23 MP: 5/5
   847 | D:2      | Found a glowing silver altar of Zin.
  1031 | D:2      | Reached XP level 5. HP: 26/26 MP: 6/6
  1169 | D:3      | Reached skill level 5 in Short Blades
  1486 | D:3      | Found an oddly glowing altar of Pakellas.
  1498 | D:3      | Noticed Robin
  1534 | D:3      | Killed Robin
  2336 | D:4      | Gained mutation: You heal very quickly. [Vine Stalker growth]
  2336 | D:4      | Reached XP level 6. HP: 30/30 MP: 7/7
  2370 | D:4      | Reached skill level 5 in Stealth
  2555 | D:4      | Found a staircase to the Ecumenical Temple.
  2636 | D:4      | Noticed Edmund
  2656 | D:4      | Reached skill level 6 in Stealth
  2847 | D:5      | Entered Level 5 of the Dungeon
  2965 | Temple   | Entered the Ecumenical Temple
  3071 | D:5      | Noticed daning's ghost (amateur HESk)
  3161 | D:5      | Reached skill level 7 in Stealth
  3309 | D:6      | Noticed a phantom
  3340 | D:5      | Noticed a sky beast
  3408 | D:5      | Killed a sky beast
  3408 | D:5      | Reached XP level 7. HP: 34/34 MP: 8/8
  3684 | D:6      | Reached skill level 8 in Stealth
  3684 | D:6      | Killed from afar by a jackal

Vanquished Creatures
  A sky beast (D:5)
  A centaur (D:6)
  A giant frog (D:5)
  2 hounds
  2 orc wizards
  An orc priest (D:3)
  Jessica (D:2)
  Terence (D:2)
  2 worker ants (D:4)
  A hound skeleton (D:4)
  Robin (D:3)
  An adder (D:5)
  2 worms (D:4)
  2 dart slugs
  2 giant geckos
  2 orcs (D:2)
  2 ball pythons
  3 giant cockroaches
  17 goblins
  5 hobgoblins
  17 jackals
  3 kobolds
  A quokka (D:3)
  6 bats
  2 giant newts
  6 rats
85 creatures vanquished.
